 Dungeon Crawl Stone Soup version 0.30-a0-639-g3916f1956a (webtiles) character file.

Game seed: 10854516650208505413

604 ryw the Cudgeller (level 7, -2/62 HPs)
             Began as an Armataur Gladiator on Jan 16, 2023.
             Succumbed to a scorpion's poison
             ... on level 5 of the Dungeon.
             The game lasted 00:08:48 (6348 turns).

ryw the Cudgeller (Armataur Gladiator)              Turns: 6348, Time: 00:08:48

Health: -2/62      AC:  6    Str: 17 (22) XL:     7   Next: 18%
Magic:  7/7        EV:  9    Int:  2 (8)  God:
Gold:   1          SH:  4    Dex:  5 (11) Spells: 6/6 levels left

rFire   . . .      SeeInvis .    a - +0 flail
rCold   . . .      Faith    .    f - +2 buckler
rNeg    . . .      Spirit   .    b - +0 leather armour
rPois   .          Reflect  .    c - +0 helmet
rElec   .          Harm     .    (no cloak)
rCorr   .          Roll     +    (no gloves)
Will    .....                    (no barding)
Stlth   +                        (no amulet)
HPRegen 0.30/turn                (no ring)
MPRegen 0.10/turn                (no ring)

@: lethally poisoned (-2 -> -20)
A: large, rugged brown scales 3, deformed body, armoured tail, roll, long
tongue, awkward tongue
a: no special abilities


You were on level 5 of the Dungeon.
You visited 1 branch of the dungeon, and saw 5 of its levels.

You collected 196 gold pieces.
You spent 195 gold pieces at shops.

Inventory:

Hand Weapons
 a - a +0 flail (weapon)
 g - a +0 mace of protection
Missiles
 d - 3 throwing nets (quivered)
 e - a javelin
Armour
 b - a +0 leather armour (worn)
 c - a +0 helmet (worn)
 f - a +2 buckler (worn)
Jewellery
 i - a ring of flight
 k - an amulet of faith
 l - a ring of magical power
 m - a ring of resist corrosion
 o - a +4 ring of slaying
Wands
 h - a wand of digging (4)
 p - a wand of light (13)
 q - a wand of charming (8)
 r - a wand of polymorph (4)
 t - a wand of flame (13)
Scrolls
 n - a scroll of identify
 v - a scroll of fear
 w - a scroll of magic mapping
Potions
 j - 3 potions of degeneration


   Skills:
 + Level 3.7 Fighting
 + Level 4.1 Maces & Flails
 + Level 3.5 Throwing
 + Level 3.9 Armour
 - Level 3.0 Dodging
 * Level 1.1 Shields


You had 6 spell levels left.
You didn't know any spells.
Your spell library contained the following spells:

 Spells                   Type           Power      Damage    Failure   Level
 Apportation              Tloc           0%         N/A       69%         1
 Necrotise                Necr           0%         1d4       69%         1
 Summon Small Mammal      Summ           0%         N/A       69%         1
 Alistair's Intoxication  Tmut/Pois      0%         N/A       100%        5
 Borgnjor's Vile Clutch   Necr/Erth      0%         N/A       100%        5
 Eringya's Noxious Bog    Tmut/Pois      0%         N/A       100%        6


Dungeon Overview and Level Annotations

Branches:
Dungeon (5/15)
 Temple: D:4-7

Altars:
Cheibriados
Dithmenos
Ru
Wu Jian
Xom
The Shining One

Shops:
D:3 (=*(:   D:5 [


Innate Abilities, Weirdness & Mutations

You are completely covered in rugged brown scales. (AC +3, +7% HP)
Armour fits poorly on your strangely shaped body.
You have a long armoured tail.
You roll when moving toward enemies. (Rampage)
Your long tongue fully drains potion bottles. (2x potion effects)
Your tongue gives you trouble enunciating. (1.5x scroll delay)


Message History

The scorpion is moderately wounded.
You feel very sick.
The scorpion stings you but does no damage.
You are too injured to fight recklessly!
You are too injured to fight recklessly!
You are too injured to fight recklessly!
Okay, then.
You hit the scorpion.
The scorpion is heavily wounded.
You feel very sick. The scorpion stings you.
The scorpion stings you but does no damage.
You hit the scorpion but do no damage.
The scorpion is heavily wounded.
You feel sick. The scorpion closely misses you.
You barely miss the scorpion.
The scorpion is heavily wounded.
You feel sick. The scorpion stings you. x2
You are more poisoned.
The scorpion poisons you!
You hit the scorpion. You tail-slap the scorpion.
The scorpion is almost dead.
* * * LOW HITPOINT WARNING * * *
You feel very sick. The scorpion barely misses you.
You barely miss the scorpion.
The scorpion is almost dead.
You feel very sick. The scorpion stings you.
* * * LOW HITPOINT WARNING * * *
The scorpion closely misses you.
You barely miss the scorpion.
The scorpion is almost dead.
You feel sick. The scorpion stings you.
* * * LOW HITPOINT WARNING * * *
You are more poisoned.
The scorpion poisons you!
You barely miss the scorpion.
The scorpion is almost dead.
You die...

####
###..#....#
###..#
###..###....#
##....###..###
##...#
###......#..##
...#
##.........###
#..#
#..........##
..#
............#
..#
............#
.......@....#
#.....s....?#
##.........##
###.......#
#.......##
.........#
.#.....####
##..#.


You could see a scorpion.

Vanquished Creatures
  Duvessa (D:4)
  A phantom (D:4)
  Dowan (D:4)
  2 orc priests
  Ijyb (D:5)
  Natasha (thrice) (D:2)
  An orc wizard (D:4)
  4 gnolls (D:2)
  4 adders
  A shadow imp (D:4)
  A white imp (D:5)
  2 worms
  10 orcs
  8 ball pythons
  10 endoplasms
  4 giant cockroaches
  4 goblins
  7 hobgoblins
  8 jackals
  5 kobolds
  4 quokkas
  5 bats
  5 frilled lizards
  5 rats
97 creatures vanquished.

Notes
Turn   | Place    | Note
-------+----------+-------------------------------------------
     0 | D:1      | ryw the Armataur Gladiator began the quest for the Orb.
     0 | D:1      | Reached XP level 1. HP: 18/18 MP: 1/1
   203 | D:1      | Reached XP level 2. HP: 25/25 MP: 2/2
   345 | D:1      | Reached skill level 1 in Armour
   650 | D:1      | Reached XP level 3. HP: 31/31 MP: 3/3
  1283 | D:2      | Reached skill level 3 in Maces & Flails
  1552 | D:2      | Noticed Natasha
  1557 | D:2      | Killed Natasha
  1558 | D:2      | Reached XP level 4. HP: 26/39 MP: 4/4
  1930 | D:2      | Noticed Natasha
  1935 | D:2      | Killed Natasha
  2647 | D:2      | Noticed Natasha
  2654 | D:2      | Killed Natasha
  2655 | D:2      | Reached XP level 5. HP: 41/44 MP: 5/5
  2740 | D:3      | Found Xiuffyw's Assorted Antiques.
  2873 | D:3      | Found Sofruzur's Jewellery Shoppe.
  2893 | D:3      | Found a shadowy altar of Dithmenos.
  3044 | D:3      | Found Edes's Weapon Shoppe.
  3234 | D:3      | Found a glowing golden altar of the Shining One.
  3510 | D:3      | Found Iraituqiu's Book Shop.
  3532 | D:3      | Found Daruboeb's Weapon Shop.
  3540 | D:3      | Found a snail-covered altar of Cheibriados.
  3727 | D:4      | Noticed Duvessa
  3727 | D:4      | Noticed Dowan
  4028 | D:4      | Killed Duvessa
  4029 | D:4      | Reached XP level 6. HP: 7/54 MP: 6/6
  4566 | D:3      | Found a sacrificial altar of Ru.
  4571 | D:3      | Found a shimmering altar of Xom.
  4854 | D:4      | Found an ornate altar of the Wu Jian Council.
  4867 | D:4      | Killed Dowan
  5034 | D:4      | HP: 1/54 [orc/+0 mace of protection (7)]
  5533 | D:4      | Reached skill level 4 in Maces & Flails
  5963 | D:5      | Entered Level 5 of the Dungeon
  5973 | D:5      | Found Noloonk's Antique Armour Emporium.
  5981 | D:5      | Bought a shiny buckler for 195 gold pieces
  5993 | D:5      | Reached XP level 7. HP: 53/60 MP: 7/7
  6249 | D:5      | Noticed Ijyb
  6272 | D:5      | Killed Ijyb
  6273 | D:5      | Reached skill level 1 in Shields
  6348 | D:5      | Succumbed to a scorpion's poison

Illustrated notes

Levels and vault maps discovered:
D:1:      saegor_arrival_simple_c, layout_basic
D:2:      layout_basic, uniq_natasha
D:3:      layout_basic, grunt_temple_overflow_open, tso_metal_star,
          serial_shops, shop, nicolae_shop_bloodbath_and_beyond, shop, shop,
          nicolae_shop_statue_plus, corner_web_ring, kennysheep_cluttered_room
D:4:      layout_basic, nicolae_wu_jian_wuxing_cycle, uniq_duvessa
D:5:      layout_cave_pods, serial_shops, nicolae_shop_advertising_works
          [nicolae_subvault_shop_adworks], uniq_pikel, uniq_ijyb

Skill      XL: |  1  2  3  4  5  6  7 |
---------------+----------------------+-----
Fighting       | 2 3 |  3.7
Throwing       | 2 3 |  3.5
Armour         | 1 2 3 |  3.9
Maces & Flails | 3 4 |  4.1
Dodging        | 3 |  3.0
Shields        | 1 |  1.1

Action                   |  1- 3 |  4- 6 |  7- 9 || total
-------------------------+-------+-------+-------++-------
Melee: Flail             |   129 |   176 |    47 ||   352
       Tailslap          |    13 |    20 |     6 ||    39
       Punch             |       |     2 |       ||     2
       Unarmed           |       |       |     4 ||     4
  Use: Potion            |       |    10 |       ||    10
       Scroll            |       |     4 |       ||     4
Armor: Leather armour    |    70 |    64 |    18 ||   152
Dodge: Dodged            |    66 |   102 |    16 ||   184
Block: Buckler           |       |     2 |     5 ||     7

Table legend: (Time is in decaauts)
 A = Elapsed time spent in this place.
 B = Non-inter-level travel time spent in this place.
 C = Inter-level travel time spent in this place.
 D = Time resting spent in this place.
 E = Time spent auto-exploring this place.
 F = Levels seen in this place.
 G = Mean time per level.
                   A        B        C        D        E       F      G
               +--------+--------+--------+--------+--------+-----+--------+
         Total |   6405 |   5663 |    742 |   1137 |   3513 |   5 | 1281.0 |
       Dungeon |   6405 |   5663 |    742 |   1137 |   3513 |   5 | 1281.0 |
               +--------+--------+--------+--------+--------+-----+--------+

Top non-repeatable levels by time:
     D:2: 2160 daAuts
     D:3: 1639 daAuts
     D:4: 1356 daAuts
     D:1: 963 daAuts
     D:5: 286 daAuts
